 Dungeon Crawl Stone Soup version 0.16-b1 (webtiles) character file.

190 McCoppin the Bolt Thrower (level 6, 0/44 HPs)
             Began as a Formicid Hunter on Mar 11, 2015.
             Succumbed to poison (a potion of poison)
             ... on level 3 of the Dungeon.
             The game lasted 00:09:36 (2207 turns).

McCoppin the Bolt Thrower (Formicid Hunter)         Turns: 2207, Time: 00:09:36

Health: 0/44       AC:  3    Str: 18    XL:     6   Next: 1%
Magic:  8/8        EV:  8    Int: 11    God:
Gold:   159        SH:  7    Dex: 11    Spells: 0 memorised, 5 levels left

rFire  + . .     SeeInvis +     a - +0 short sword
rCold  . . .     Clarity  .     d - +0 leather armour
rNeg   . . .     SustAb   .     l - +0 shield
rPois  .         Gourm    .     (helmet unavailable)
rElec  .         Spirit   .     (no cloak)
rCorr  .         Warding  .     (no gloves)
rMut   .         Stasis   +     (no boots)
MR     .....                    (no amulet)
Stlth  +.........               (no ring)
                                j - ring of protection from fire

@: lethally poisoned (0 -> -7), flying, not resistant to hostile enchantments,
very unstealthy
A: permanent stasis, dig shafts and tunnels, four strong arms, antennae 3
a: Dig, Shaft Self


You were on level 3 of the Dungeon.
You were near starving.

You visited 1 branch of the dungeon, and saw 3 of its levels.

You collected 159 gold pieces.

Inventory:

Hand weapons
 a - a +0 short sword (weapon)
 b - a +1 hand crossbow
Armour
 d - a +0 leather armour (worn)
 l - a +0 shield (worn)
Jewellery
 j - a ring of protection from fire (left hand)
Scrolls
 k - a scroll of noise {unknown}
 n - 2 scrolls of enchant armour {unknown}
 p - 3 scrolls of identify {unknown}
 q - a scroll of teleportation {unknown}
Potions
 h - a potion of cancellation
 i - a potion of flight
 m - a potion of poison
Comestibles
 f - 3 bread rations
 g - a slice of pizza
 r - 4 fruits


   Skills:
 - Level 2.1 Fighting
 + Level 6.7 Crossbows
 - Level 1.7 Dodging
 - Level 1.2 Stealth


You had 5 spell levels left.
You didn't know any spells.

Dungeon Overview and Level Annotations

Branches:
Dungeon (3/15)

Altars:
The Shining One


Innate Abilities, Weirdness & Mutations

You are under a permanent stasis effect.
You can dig through walls and to a lower floor.
Your four strong arms can wield two-handed weapons with a shield.
You have a pair of large antennae on your head (SInv).


Message History

The giant frog skeleton is unaffected.
It was a scroll of fear.
* * * LOW HITPOINT WARNING * * *
You feel sick. The giant frog skeleton hits you.
* * * LOW HITPOINT WARNING * * *
You hit the giant frog skeleton.
* * * LOW HITPOINT WARNING * * *
You feel sick. The giant frog skeleton hits you.
* * * LOW HITPOINT WARNING * * *
The giant frog skeleton closely misses you.
* * * LOW HITPOINT WARNING * * *
You feel sick.
You hit the giant frog skeleton.
You destroy the giant frog skeleton!
You have reached level 6!
Your experience leads to an increase in your attributes!
Increase (S)trength, (I)ntelligence, or (D)exterity?
You feel stronger.
Drink which item? (? for menu, Esc to quit)
Okay, then.
You die...

#..........# #.#..#..#
##..........# #.#.###'##
.............# #.#.##...#
.....w..†....######.#.##.#.#
..............ww{.....##.#.#
..(.####(#########..###.#.#
##+ #(# ##.####.#.#
.#####(########.####..#..
>.......@.......###..###.
.#####.###########....#..
#.# #........ #(# ######.##
#._.# ##.## #### ##### #....


There were no monsters in sight!

Vanquished Creatures
  A giant frog skeleton (D:3)
  Jessica (D:2)
  9 adders
  2 worms (D:2)
  A giant gecko (D:3)
  An ooze (D:2)
  3 giant cockroaches
  8 goblins
  6 hobgoblins
  A quokka (D:2)
  7 bats
  3 giant newts
  7 jackals
  6 kobolds
  9 rats
65 creatures vanquished.

Notes
Turn   | Place    | Note
--------------------------------------------------------------
     0 | D:1      | McCoppin, the Formicid Hunter, began the quest for the Orb.
     0 | D:1      | Reached XP level 1. HP: 16/16 MP: 1/1
   233 | D:1      | Reached XP level 2. HP: 22/22 MP: 3/3
   735 | D:2      | Reached XP level 3. HP: 27/27 MP: 4/4
   760 | D:2      | Reached skill level 5 in Crossbows
  1029 | D:2      | Reached XP level 4. HP: 23/33 MP: 5/5
  1243 | D:2      | Noticed Jessica
  1246 | D:2      | Killed Jessica
  1324 | D:2      | Reached skill level 6 in Crossbows
  1324 | D:2      | Reached XP level 5. HP: 38/38 MP: 7/7
  2125 | D:3      | Found a glowing golden altar of the Shining One.
  2205 | D:3      | HP: 1/38 [poison (a potion of poison)]
  2206 | D:3      | Reached XP level 6. HP: 1/44 MP: 8/8
  2207 | D:3      | Succumbed to poison (a potion of poison)

Action                   |  1- 3 |  4- 6 || total
-------------------------+-------+-------++-------
Melee: Short sword       |     6 |    27 ||    33
 Fire: Hand crossbow     |    59 |    54 ||   113
Throw: Javelin           |    10 |    26 ||    36
 Abil: Dig               |       |     1 ||     1
  Use: Potion            |       |     5 ||     5
       Scroll            |       |     1 ||     1
  Eat: Chunk             |       |     2 ||     2
